 Dungeon Crawl Stone Soup version 0.29.0-4-gdea44cf6ec (webtiles) character file.

Game seed: 4950776712815869656

82 qw the Chopper (level 4, -1/28 HPs)
             Began as a Gargoyle Fighter on Sept 8, 2022.
             Slain by a kobold brigand
             ... wielding a +0 dagger
              (4 damage)
             ... on level 3 of the Dungeon.
             The game lasted 00:00:57 (2176 turns).

qw the Chopper (Gargoyle Fighter)                   Turns: 2176, Time: 00:00:57

Health: -1/28      AC: 13    Str: 22    XL:     4   Next: 43%
Magic:  4/4        EV:  9    Int:  8    God:
Gold:   177        SH:  4    Dex:  7    Spells: 3/3 levels left

rFire   . . .      SeeInvis .   Y - +0 war axe
rCold   . . .      Faith    .   c - +0 buckler
rNeg    + . .      Spirit   .   b - +0 scale mail
rPois   inf        Reflect  .   g - +2 helmet
rElec   +          Harm     .   (no cloak)
rCorr   .          Rampage  .   (no gloves)
Will    .....                   (no boots)
Stlth   ..........              (no amulet)
HPRegen 0.09/turn               (no ring)
MPRegen 0.09/turn               (no ring)

@: no status effects
A: sickness immunity, AC +3, negative energy resistance 1, electricity
resistance, torment resistance 1, petrification resistance, clumsy 1
a: no special abilities


You were on level 3 of the Dungeon.
You visited 1 branch of the dungeon, and saw 3 of its levels.

You collected 177 gold pieces.


Innate Abilities, Weirdness & Mutations

You are immune to sickness and miasma.
Your stone body is resilient. (AC +3)
You are immune to poison.
You resist negative energy. (rN+)
You are resistant to electric shocks. (rElec)
You are resistant to unholy torment.
You are immune to petrification.
You are clumsy. (Dex -2)


   Skills:
 - Level 3.2 Fighting
 + Level 4.1 Axes
 - Level 3.2 Armour
 - Level 0.1 Dodging
 - Level 3.2 Shields


You had 3 spell levels left.
You didn't know any spells.
Your spell library was empty.

Inventory:

Hand Weapons
 m - a +3 whip
 Y - a +0 war axe (weapon)
Missiles
 k - 3 boomerangs (quivered)
Armour
 b - a +0 scale mail (worn)
 c - a +0 buckler (worn)
 g - a +2 helmet (worn)
Jewellery
 j - the ring of Sif Muna's Supremacy {*Slow rElec Will+ rCorr}
   (You found it on level 3 of the Dungeon)

   [ring of willpower]

   rElec:     It insulates you from electricity.
   rCorr:     It protects you from acid and corrosion.
   *Slow:     It may slow you when you take damage.
   Will:      It increases your willpower.
 r - a +4 ring of protection
Wands
 n - a wand of digging (8)
Scrolls
 q - a scroll of torment {unknown}
 s - a scroll of identify
Potions
 d - a potion of might
 e - a potion of degeneration {unknown}
 f - a potion of invisibility {unknown}
 h - a potion of flight {unknown}
 i - a potion of curing {unknown}
 l - a potion of heal wounds {unknown}
 o - a potion of haste {unknown}
 p - a potion of attraction
 t - a potion of resistance {unknown}

Dungeon Overview and Level Annotations

Branches:
Dungeon (3/15)

Altars:
Kikubaaqudgha


Message History

Throw: 3 boomerangs
Press: ? - help, Q - select action Shift-Dir - straight line, f/p - bat You throw a boomerang.
The boomerang barely misses the bat.
The bat misses you.
You hit the bat.
You kill the bat!
You start resting.
A kobold brigand is nearby!
Throw: 3 boomerangs
Press: ? - help, Q - select action Shift-Dir - straight line, f - kobold brigand You throw a boomerang.
The boomerang hits the kobold brigand but does no damage.
The kobold brigand is severely wounded.
Throw: 3 boomerangs
Press: ? - help, Q - select action Shift-Dir - straight line, f/p - kobold brigand You throw a boomerang.
The boomerang barely misses the kobold brigand.
The kobold brigand throws a poisoned dart.
The poisoned dart hits you!
Throw: 3 boomerangs
Press: ? - help, Q - select action Shift-Dir - straight line, f/p - kobold brigand You throw a boomerang.
The boomerang closely misses the kobold brigand.
Throw: 3 boomerangs
Press: ? - help, Q - select action Shift-Dir - straight line, f/p - kobold brigand You throw a boomerang.
The boomerang hits the kobold brigand.
The kobold brigand is almost dead.
The kobold brigand throws a poisoned dart.
The poisoned dart closely misses you.
Throw: 3 boomerangs
Press: ? - help, Q - select action Shift-Dir - straight line, f/p - kobold brigand You throw a boomerang.
The boomerang closely misses the kobold brigand.
You closely miss the kobold brigand.
The kobold brigand is almost dead.
The kobold brigand hits you with a +0 dagger.
You barely miss the kobold brigand.
The kobold brigand is almost dead.
The kobold brigand hits you with a +0 dagger.
You die...

#....##..¤~~¤¤#
###......>...¤¤¤#####
#.....# ......~¤#....
#.....# ....¤¤~##.##
#.....#####...~~##.#¤
#.............~##.##¤
#..............#.##¤¤
#........##.....##~~¤
#...@K# #.##..#~¤~¤
#.....### #. ##..~~~~
#..#### # ##...~~ #
#.######K..
#..........
#######.### #..# #.##
..... ##.#


You could see a kobold brigand.

Vanquished Creatures
  Jessica (D:2)
  An adder (D:2)
  A worm (D:2)
  5 bats
  4 endoplasms
  3 giant cockroaches
  7 goblins
  3 hobgoblins
  3 jackals
  3 kobolds (D:1)
  2 quokkas (D:1)
  2 ball pythons
  3 frilled lizards
  A rat (D:1)
39 creatures vanquished.

Notes
Turn   | Place    | Note
-------+----------+-------------------------------------------
     0 | D:1      | qw the Gargoyle Fighter began the quest for the Orb.
     0 | D:1      | Reached XP level 1. HP: 14/14 MP: 1/1
     0 | D:1      | 0 ||| qw: Version: 0.1-a-112-g44dc6cd
     0 | D:1      | 0 ||| qw: Game counter: 6744
     0 | D:1      | 0 ||| qw: Always use a shield: true
     0 | D:1      | 0 ||| qw: God list: Okawaru
     0 | D:1      | 0 ||| qw: Allow faded altars: false
     0 | D:1      | 0 ||| qw: Do Orc after D:15 true
     0 | D:1      | 0 ||| qw: Do second Lair branch before Depths: true
     0 | D:1      | 0 ||| qw: Lair rune preference: random
     0 | D:1      | 0 ||| qw: Plans: Normal, Zot, God:TSO, Crypt, Tomb, Zig,
                  | Orb
     0 | D:1      | 0 ||| PLANNING D:1-11
    27 | D:1      | Reached skill level 2 in Axes
   174 | D:1      | Reached XP level 2. HP: 17/19 MP: 2/2
   672 | D:1      | Reached skill level 3 in Axes
   752 | D:1      | Reached XP level 3. HP: 23/23 MP: 3/3
   995 | D:1      | Found a faded altar of an unknown god.
  1177 | D:1      | 1177 ||| UPGRADING to +0 helmet.
  1182 | D:1      | 1182 ||| READING 2 scrolls labelled GEKEIX ZEXO.
  1187 | D:1      | 1187 ||| READING scroll labelled FUFAJA MIOGGONN.
  1188 | D:1      | 1188 ||| READING scroll labelled BIOLAODUBBEVA.
  1189 | D:1      | 1189 ||| READING scroll labelled YPEYKO QY ULL.
  1190 | D:1      | 1190 ||| DRINKING 2 sedimented white potions.
  1190 | D:1      | Gained mutation: You have hidden genetic potential. [potion
                  | of mutation]
  1190 | D:1      | Gained mutation: You sometimes lose your temper in combat.
                  | [potion of mutation]
  1190 | D:1      | Gained mutation: You passively map a small area around you.
                  | [potion of mutation]
  1191 | D:1      | 1191 ||| DRINKING potion of mutation.
  1191 | D:1      | Lost mutation: You have hidden genetic potential. [potion
                  | of mutation]
  1191 | D:1      | Lost mutation: You passively map a small area around you.
                  | [potion of mutation]
  1191 | D:1      | Gained mutation: You are agile. (Dex +4, Str/Int -1)
                  | [potion of mutation]
  1292 | D:2      | 1292 ||| READING scroll of enchant armour.
  1292 | D:2      | 1292 ||| ENCHANTING +0 helmet.
  1301 | D:2      | Noticed Jessica
  1302 | D:2      | 1302 ||| Stepping ~*~*~tactically~*~*~ (hiding).
  1306 | D:2      | Killed Jessica
  1343 | D:2      | 1343 ||| Stepping ~*~*~tactically~*~*~ (stealth).
  1352 | D:2      | Reached XP level 4. HP: 28/28 MP: 4/4
  1388 | D:2      | Reached skill level 4 in Axes
  1572 | D:2      | 1572 ||| Stepping ~*~*~tactically~*~*~ (stealth).
  1616 | D:2      | 1616 ||| DRINKING potion of mutation.
  1616 | D:2      | Lost mutation: You sometimes lose your temper in combat.
                  | [potion of mutation]
  1616 | D:2      | Lost mutation: You are agile. (Dex +4, Str/Int -1) [potion
                  | of mutation]
  1616 | D:2      | Gained mutation: You are clumsy. (Dex -2) [potion of
                  | mutation]
  1845 | D:2      | 1845 ||| READING scroll labelled INOLUTW HIUDGHA.
  1846 | D:2      | 1846 ||| READING scroll labelled DIYTSA LUEMAMEAF.
  1847 | D:2      | 1847 ||| READING scroll labelled GISHRO YNWAE.
  1848 | D:2      | 1848 ||| DRINKING 2 grey potions.
  1871 | D:3      | 1871 ||| READING scroll of enchant armour.
  1871 | D:3      | 1871 ||| ENCHANTING +1 helmet.
  1908 | D:3      | Identified the ring of Sif Muna's Supremacy {*Slow rElec
                  | Will+ rCorr}
  1950 | D:3      | Found an ancient bone altar of Kikubaaqudgha.
  2118 | D:3      | Noticed a kobold brigand
  2132 | D:3      | HP: 5/28 [kobold brigand/+0 dagger (4)]
  2133 | D:3      | 2133 ||| READING 2 scrolls of teleportation.
  2134 | D:3      | HP: 2/28 [kobold brigand/+0 dagger (3)]
  2136 | D:3      | 2136 ||| FLEEEEING.
  2137 | D:3      | 2137 ||| FLEEEEING.
  2138 | D:3      | 2138 ||| FLEEEEING.
  2139 | D:3      | 2139 ||| FLEEEEING.
  2140 | D:3      | 2140 ||| FLEEEEING.
  2141 | D:3      | 2141 ||| FLEEEEING.
  2142 | D:3      | 2142 ||| FLEEEEING.
  2143 | D:3      | 2143 ||| FLEEEEING.
  2144 | D:3      | 2144 ||| FLEEEEING.
  2150 | D:3      | 2150 ||| FLEEEEING.
  2151 | D:3      | 2151 ||| FLEEEEING.
  2152 | D:3      | 2152 ||| FLEEEEING.
  2154 | D:3      | 2154 ||| FLEEEEING.
  2160 | D:3      | 2160 ||| READING scroll of teleportation.
  2175 | D:3      | HP: 3/28 [kobold brigand/+0 dagger (3)]
  2176 | D:3      | Slain by a kobold brigand

Levels and vault maps discovered:
D:1:      minmay_arrival_glassed_features, layout_basic,
          dilly_ecumenical_altar_fadedgnrine, minmay_small_reverse_x
D:2:      layout_loops_ring, hangedman_decor_points, uniq_jessica
D:3:      layout_rooms, mainiacjoe_overflow_24_doors,
          mainiacjoe_overflow_chevrons, grunt_decor_junction

Skill      XL: |  1  2  3  4 |
---------------+-------------+-----
Axes           | 2 3 4 |  4.1
Fighting       | |  3.2
Armour         | |  3.2
Dodging        | |  0.1
Shields        | |  3.2

Action                   |  1- 3 |  4- 6 || total
-------------------------+-------+-------++-------
Melee: War axe           |    70 |    61 ||   131
Throw: Boomerang         |       |    23 ||    23
  Use: Scroll            |     5 |     6 ||    11
       Potion            |     2 |     2 ||     4
Armor: Scale mail        |    31 |    46 ||    77
Dodge: Dodged            |    27 |    27 ||    54
Block: Buckler           |     9 |    17 ||    26

Table legend:
 A = Non-vault XP
 B = Vault XP
 C = Vault XP percentage of total XP
 D = Non-vault monster count
 E = Vault monster count
 F = Vault count percentage of total count
                 A         B        C        D         E       F
            +---------+---------+-------+---------+---------+-------
      Total |      74 |      44 |  37.3 |      34 |       5 |  12.8
            +---------+---------+-------+---------+---------+-------
        D:1 |      34 |       7 |  17.1 |      20 |       4 |  16.7
        D:2 |      31 |      37 |  54.4 |       9 |       1 |  10.0
        D:3 |       9 |       0 |   0.0 |       5 |       0 |   0.0
            +---------+---------+-------+---------+---------+-------
